 Dungeon Crawl Stone Soup version 0.26-a0-667-g92642533e4 (webtiles) character file.

Game seed: 13818157699825719621

521 Radels the Covert (level 7, 0/36 HPs)
             Began as a Vampire Enchanter on Oct 16, 2020.
             Was an Initiate of Wu Jian.
             Killed from afar by an orc wizard (2 damage)
             ... with a puff of flame
             ... on level 4 of the Dungeon.
             The game lasted 00:30:16 (5043 turns).

Radels the Covert (Vampire Enchanter)               Turns: 5043, Time: 00:30:17

Health: 0/36       AC:  3    Str:  1 (7)  XL:     7   Next: 1%
Magic:  1/10       EV: 10    Int: 14 (17) God:    Wu Jian [......]
Gold:   242        SH:  0    Dex: 12 (17) Spells: 7/10 levels left

rFire    . . .     SeeInvis +   a - +2 dagger
rCold    + + .     Faith    .   (no shield)
rNeg     + + +     Spirit   .   f - +0 leather armour
rPois    ∞         Reflect  .   (no helmet)
rElec    .         Harm     .   (no cloak)
rCorr    .         Rampage  .   (no gloves)
MR       .....                  (no boots)
Stlth    +++++.....             (no amulet)
HPRegen  0.00/turn              (no ring)
MPRegen  0.12/turn              (no ring)

@: bloodless
A: fangs 3, see invisible, unbreathing
a: Bat Form, Revivify, Renounce Religion


You were on level 4 of the Dungeon.
You worshipped Wu Jian.
Wu Jian was noncommittal.
You visited 1 branch of the dungeon, and saw 4 of its levels.

You collected 242 gold pieces.

Inventory:

Hand Weapons
 a - a +2 dagger (weapon)
Armour
 b - a +0 robe
 f - a +0 leather armour (worn)
 g - a scarf of harm
Jewellery
 i - an uncursed ring of protection from fire {unknown}
 n - an uncursed ring of resist corrosion {unknown}
 q - a +6 ring of intelligence {unknown}
 r - an uncursed ring of protection from magic {unknown}
Scrolls
 c - 3 scrolls of enchant weapon
 k - a scroll of fear {unknown}
 o - 2 scrolls of remove curse {unknown}
 t - a scroll of teleportation {unknown}
 u - a scroll of fog {unknown}
Potions
 d - a potion of resistance
 e - a potion of flight {unknown}
 h - a potion of invisibility
 j - a potion of brilliance
 l - a potion of heal wounds {unknown}
 m - 4 potions of haste
 p - a potion of lignification {unknown}
 s - a potion of degeneration {unknown}
 v - a potion of stabbing {unknown}


   Skills:
 + Level 4.6 Short Blades
 - Level 2.0 Armour
 - Level 3.0 Dodging
 - Level 8.0 Stealth
 - Level 2.0 Spellcasting
 - Level 5.0 Hexes
 - Level 2.0 Ice Magic


You had 7 spell levels left.
You knew the following spells:

 Your Spells              Type           Power        Failure   Level
b - Ensorcelled Hibernat  Hex/Ice        ##....       22%         2
c - Corona                Hex            ###....      8%          1

Your spell library contained the following spells:

 Spells                   Type           Power        Failure   Level
 Confusing Touch          Hex            ###.....     24%         3
 Tukima's Dance           Hex            ###.....     24%         3
 Dazzling Flash           Conj/Hex       #.....       54%         3


Dungeon Overview and Level Annotations

Branches:
Dungeon (4/15)
 Temple: D:4-7

Altars:
Gozag
Uskayaw
Wu Jian


Innate Abilities, Weirdness & Mutations

You do not regenerate when monsters are visible.
You are frail without blood (-20% HP).
You can heal yourself when you bite living creatures.
You are immune to poison.
You have razor-sharp teeth.
You have supernaturally acute eyesight. (SInv)
You can survive without breathing.


Message History

You barely miss the orc wizard.
The orc wizard is lightly wounded.
You hit the orc wizard.
The orc wizard is moderately wounded.
The orc wizard casts a cantrip, but nothing happens.
The orc wizard hits you with a +0 dagger.
* * * LOW HITPOINT WARNING * * *
Things that are here:
a +0 dagger; a +0 robe; an orc corpse You hit the orc wizard but do no damage.
The orc wizard is moderately wounded.
The orc wizard hits you but does no damage.
You hit the orc wizard.
The orc wizard is moderately wounded.
The orc wizard mumbles some strange words.
The orc wizard blinks!
The orc wizard hits you but does no damage.
The orc wizard gestures at you while chanting.
The puff of flame hits you.
You die...

##### #........#...... #...####
#........#...... #...#..##
#........#...### #..#....#
########.........####. #..+....#
#.....##..._.......##.
#<.##..#####.....................
#..##..##..##...........8.._.....
#..#..............o...........##.
#..[............@.o..._.......##.
#..##..###'##....##...........#..
#..##..##..##....##...........#..
#).+.......#..§...#...........+..
#<.#.......#......#...........#..
#################################


You could see 2 orc wizards.

Vanquished Creatures
  Sigmund (D:2)
  An ogre (D:4)
  A scorpion (D:4)
  An orc wizard (D:4)
  A centaur skeleton (D:4)
  An iguana (D:3)
  2 worker ants (D:4)
  An adder (D:2)
  An ooze (D:2)
  An adder skeleton (D:4)
  A worm (D:3)
  A dart slug (D:3)
  12 orcs
  2 ball pythons (D:4)
  3 bats
  5 giant cockroaches
  8 goblins
  5 hobgoblins
  4 jackals (D:3)
  5 kobolds
  2 quokkas (D:4)
  6 frilled lizards
  12 rats
77 creatures vanquished.

Notes
Turn   | Place    | Note
-------+----------+-------------------------------------------
     0 | D:1      | Radels the Vampire Enchanter began the quest for the Orb.
     0 | D:1      | Reached XP level 1. HP: 13/13 MP: 3/3
   372 | D:1      | Reached XP level 2. HP: 15/15 MP: 5/5
   563 | D:2      | Learned a level 2 spell: Ensorcelled Hibernation
   996 | D:2      | Found a faded altar of an unknown god.
  1013 | D:2      | Noticed Sigmund
  1016 | D:2      | Reached XP level 3. HP: 19/19 MP: 6/6
  1026 | D:2      | Killed Sigmund
  1026 | D:2      | Reached skill level 1 in Armour
  1026 | D:2      | Reached skill level 6 in Stealth
  1026 | D:2      | Reached skill level 5 in Hexes
  1026 | D:2      | Reached skill level 1 in Ice Magic
  1026 | D:2      | Reached XP level 4. HP: 5/24 MP: 5/7
  1026 | D:2      | Reached XP level 5. HP: 6/28 MP: 5/8
  3349 | D:4      | Reached XP level 6. HP: 32/32 MP: 9/9
  3373 | D:4      | Found a hide-covered altar of Uskayaw.
  3373 | D:4      | Found an opulent altar of Gozag.
  3379 | D:4      | Found an ornate altar of the Wu Jian Council.
  3411 | D:4      | Became a worshipper of the Wu Jian Council
  4086 | D:3      | Reached skill level 7 in Stealth
  5012 | D:4      | Reached skill level 8 in Stealth
  5012 | D:4      | Reached XP level 7. HP: 36/36 MP: 10/10
  5043 | D:4      | Killed from afar by an orc wizard

Illustrated notes

Levels and vault maps discovered:
D:1:      dpeg_arrival_three_same_balls, layout_rooms, st_stairs_3,
          dk_noncrumbling_4
D:2:      layout_basic, chequers_ecumenical_altar_simple, grunt_ministairs_2,
          corexii_corridor_pit, uniq_sigmund
D:3:      layout_rooms
D:4:      layout_gridville, grunt_temple_overflow_open

Skill      XL: |  1  2  3  4  5  6 |
---------------+-------------------+-----
Short Blades   | 2 3 4 |  4.6
Armour         | 1 2 |  2.0
Dodging        | 3 |  3.0
Stealth        | 6 8 |  8.0
Hexes          | 5 |  5.0
Ice Magic      | 1 2 |  2.0
Spellcasting   | |  2.0

Action                   |  1- 3 |  4- 6 |  7- 9 || total
-------------------------+-------+-------+-------++-------
Melee: Dagger            |    52 |   226 |    20 ||   298
       Bite              |     7 |    12 |       ||    19
 Cast: Corona            |     3 |     4 |     1 ||     8
       Ensorcelled Hiber |       |    28 |     4 ||    32
Invok: Lunge             |       |     8 |     1 ||     9
 Abil: Exsanguinate      |     1 |       |       ||     1
       End Transformatio |       |     3 |       ||     3
       Bat Form          |       |     3 |       ||     3
  Use: Scroll            |       |     4 |       ||     4
 Stab: Sleeping          |    11 |    28 |       ||    39
       Distracted        |     1 |     2 |       ||     3
Armor: Leather armour    |     5 |    30 |    10 ||    45
Dodge: Dodged            |    28 |   138 |     5 ||   171

Table legend: (Time is in decaauts)
 A = Elapsed time spent in this place.
 B = Non-inter-level travel time spent in this place.
 C = Inter-level travel time spent in this place.
 D = Time resting spent in this place.
 E = Time spent auto-exploring this place.
 F = Levels seen in this place.
 G = Mean time per level.
                   A        B        C        D        E       F      G
               +--------+--------+--------+--------+--------+-----+--------+
         Total |   4949 |   4896 |     53 |   1972 |   1263 |   4 | 1237.2 |
       Dungeon |   4949 |   4896 |     53 |   1972 |   1263 |   4 | 1237.2 |
               +--------+--------+--------+--------+--------+-----+--------+

Top non-repeatable levels by time:
     D:3: 1763 daAuts
     D:2: 1565 daAuts
     D:4: 1159 daAuts
     D:1: 460 daAuts
